 Dungeon Crawl Stone Soup version 0.20-a0-709-gd40821f (webtiles) character file.

2340 kae the Cleaver (level 9, -1/79 HPs)
             Began as a Minotaur Fighter on Feb 21, 2017.
             Was a Believer of Ieoh Jian.
             Slain by an orc warrior
             ... wielding a cursed +0 spear
              (13 damage)
             ... in a bailey.
             The game lasted 00:09:24 (4701 turns).

kae the Cleaver (Minotaur Fighter)                  Turns: 4701, Time: 00:09:24

Health: -1/79      AC: 15    Str: 22    XL:     9   Next: 19%
Magic:  12/12      EV:  7    Int:  7    God:    Ieoh Jian [**....]
Gold:   302        SH: 12    Dex: 10    Spells: 8/8 levels left

rFire    . . .     SeeInvis .   a - +0 war axe
rCold    . . .     Gourm    .   d - +4 scale mail
rNeg     . . .     Faith    .   c - +0 shield
rPois    .         Spirit   .   (helmet unavailable)
rElec    .         Reflect  +   x - +0 cloak
rCorr    .         Harm     .   (no gloves)
MR       .....     Rnd*Tele +   (no boots)
Stlth    ..........             p - +3 amulet of reflection
Regen    0.3/turn               (no ring)
MPRegen  0.2/turn               y - ring of teleportation

@: flying
A: retaliatory headbutt, horns 3, yellow scales 1, wild magic 1
a: Renounce Religion


You were in a bailey.
You worshipped Ieoh Jian.
Ieoh Jian was pleased with you.
You were not hungry.

You visited 1 branch of the dungeon, and saw 7 of its levels.
You also visited: Bailey.

You collected 302 gold pieces.

Inventory:

Hand Weapons
 a - a +0 war axe (weapon)
Armour
 c - a +0 shield (worn)
 d - a +4 scale mail (worn)
 n - a +1 hat
 x - a +0 cloak (worn)
Jewellery
 p - a +3 amulet of reflection (around neck)
 v - an uncursed amulet of faith
 y - a ring of teleportation (left hand)
 B - a +3 ring of intelligence
Wands
 b - a wand of flame (1/48)
 o - a wand of random effects (47/48)
 A - a wand of flame (0/48)
Scrolls
 i - 4 scrolls of blinking
 m - a scroll of teleportation
 q - 4 scrolls of remove curse
 z - a scroll of noise
Potions
 g - 2 potions of cancellation
 l - a potion of flight
 r - a potion of curing
Books
 w - a book of Battle

   Spells                             Type                      Level
   a - Infusion                       Charms                       1
   b - Shroud of Golubria             Charms/Translocation         2
   c - Song of Slaying                Charms                       2
   d - Spectral Weapon                Hexes/Charms                 3
   e - Regeneration                   Charms/Necromancy            3
Comestibles
 f - 5 bread rations
 h - 3 royal jellies
 u - 5 meat rations
 F - a chunk of flesh


   Skills:
 + Level 7.3 Fighting
 * Level 9.3 Axes
 + Level 7.2 Armour
 - Level 3.6 Shields
 * Level 5.6 Evocations


You had 8 spell levels left.
You didn't know any spells.

Dungeon Overview and Level Annotations

Branches:
Dungeon (7/15)             Temple (0/1) D:6

Altars:
Cheibriados
Elyvilon
Gozag Ieoh Jian
Makhleb
Trog
Zin


Innate Abilities, Weirdness & Mutations

You reflexively headbutt those who attack you in melee.
You have a pair of large horns on your head.
You are partially covered in yellow scales. (AC +2)
Your spells are a little harder to cast, but a little more powerful.


Message History

This wand has 3 charges left.
Evoke which item? (* to show all) (? for menu, Esc to quit)
Aiming: Throw Flame
Press: ? - help, Shift-Dir - straight line, f/p - orc warrior
Aim: an orc warrior, wielding a spear and wearing a chain mail (almost dead)
The puff of flame hits the orc warrior.
The orc warrior is almost dead.
This wand has 2 charges left.
Unknown command.
That item cannot be evoked!
Evoke which item? (* to show all) (? for menu, Esc to quit)
Aiming: Throw Flame
Press: ? - help, Shift-Dir - straight line, f/p - orc warrior
Aim: an orc warrior, wielding a spear and wearing a chain mail (almost dead) This wand has 1 charge left.
Things that are here:
a trident; a chain mail You start resting.
The orc warrior hits you from afar with a spear!
You die...

.≈...).≈≈≈:≈≈≈.....≈.≈
.≈.....≈≈≈!≈≈≈.....≈.≈≈#
)≈.....≈≈≈≈≈≈≈.....≈.≈≈#
.≈≈....≈≈≈≈≈≈≈....≈≈.≈≈#
≈.§.....≈≈≈≈≈.....≈.≈≈≈#
≈.≈≈.⌠..≈≈≈≈≈..).≈≈.≈≈≈#
..≈≈≈).().≈.≈≈≈≈#
.......o≈≈≈.≈≈≈≈#
≈.....≈≈≈@.≈≈≈≈≈#
≈#...#≈..≈≈≈≈≈≈≈#
#...#)≈≈≈≈≈≈≈≈## #..
#≈≈≈≈≈≈≈≈## #.
#≈≈≈≈≈≈≈## #' #########
#####


You could see an orc warrior.

Vanquished Creatures
  Eustachio (D:4)
  Sigmund (D:2)
  Menkaure (D:4)
  3 orc warriors (Bailey)
  Duvessa (D:4)
  An ice beast (D:5)
  3 centaurs (Bailey)
  A bullfrog (D:6)
  Dowan (D:4)
  A howler monkey (D:4)
  4 wights (D:6)
  2 crimson imps
  A hound (D:4)
  Crazy Yiuf (D:4)
  3 orc priests
  5 orc wizards
  An iguana (D:4)
  4 worker ants
  A hound skeleton (D:6)
  Robin (D:2)
  10 adders
  A shadow imp (D:6)
  2 oozes (D:1)
  A worm (D:3)
  3 leopard geckos
  29 orcs
  8 giant cockroaches
  11 goblins
  10 hobgoblins
  6 jackals
  3 quokkas
  6 bats
  3 frilled lizards
  A giant cockroach zombie (D:6)
  5 kobolds
  7 rats
143 creatures vanquished.

Vanquished Creatures (others)
  2 centaurs (Bailey)
  A quokka (D:4)
3 creatures vanquished.

Grand Total: 146 creatures vanquished

Notes
Turn   | Place    | Note
-------+----------+-------------------------------------------
     0 | D:1      | kae the Minotaur Fighter began the quest for the Orb.
     0 | D:1      | Reached XP level 1. HP: 19/19 MP: 0/0
   100 | D:1      | Reached XP level 2. HP: 21/27 MP: 1/1
   269 | D:1      | Reached skill level 3 in Axes
   537 | D:1      | Reached XP level 3. HP: 33/33 MP: 2/2
   987 | D:2      | Found an ornate altar of the Ieoh Jian Council.
  1103 | D:2      | Reached skill level 4 in Axes
  1103 | D:2      | Reached XP level 4. HP: 38/41 MP: 3/3
  1192 | D:2      | Noticed Sigmund
  1202 | D:2      | Killed Sigmund
  1202 | D:2      | Reached skill level 5 in Fighting
  1202 | D:2      | Reached skill level 5 in Axes
  1202 | D:2      | Reached XP level 5. HP: 34/48 MP: 4/4
  1332 | D:2      | Noticed Robin
  1348 | D:2      | Killed Robin
  1677 | D:3      | Reached XP level 6. HP: 54/56 MP: 5/5
  2040 | D:3      | Reached skill level 5 in Armour
  2086 | D:4      | Noticed Dowan
  2088 | D:4      | Noticed Duvessa
  2093 | D:4      | Killed Dowan
  2102 | D:4      | Killed Duvessa
  2102 | D:4      | Reached skill level 6 in Axes
  2102 | D:4      | Reached skill level 1 in Evocations
  2304 | D:4      | Noticed Menkaure
  2306 | D:4      | Reached XP level 7. HP: 49/61 MP: 7/7
  2313 | D:4      | Noticed Eustachio
  2313 | D:4      | Killed Menkaure
  2357 | D:4      | Killed Eustachio
  2357 | D:4      | Reached skill level 7 in Axes
  2599 | D:2      | Became a worshipper of the Ieoh Jian Council
  2915 | D:4      | Found a white marble altar of Elyvilon.
  3347 | D:4      | Found a runed door.
  3351 | D:4      | Noticed Crazy Yiuf
  3356 | D:4      | Killed Crazy Yiuf
  3356 | D:4      | Reached XP level 8. HP: 70/70 MP: 9/9
  3414 | D:5      | Entered Level 5 of the Dungeon
  3517 | D:5      | Reached * piety under Ieoh Jian
  3598 | D:5      | Found a snail-covered altar of Cheibriados.
  3681 | D:5      | Found a burning altar of Makhleb.
  3682 | D:5      | Found an opulent altar of Gozag.
  3775 | D:5      | Found a bloodstained altar of Trog.
  4007 | D:6      | Found an ornate altar of the Ieoh Jian Council.
  4051 | D:6      | Reached skill level 8 in Axes
  4196 | D:6      | Found a staircase to the Ecumenical Temple.
  4418 | D:6      | Found a glowing silver altar of Zin.
  4497 | D:7      | Found a flagged portal.
  4528 | Bailey   | Entered a bailey
  4542 | Bailey   | Reached skill level 5 in Evocations
  4608 | Bailey   | Gained mutation: You are partially covered in yellow scales. (AC +2) [potion of mutation]
  4608 | Bailey   | Gained mutation: Your spells are a little harder to cast, but a little more powerful. [potion of mutation]
  4608 | Bailey   | Gained mutation: You have a pair of large horns on your head. [potion of mutation]
  4646 | Bailey   | Reached XP level 9. HP: 26/79 MP: 11/11
  4660 | Bailey   | Reached skill level 9 in Axes
  4680 | Bailey   | Reached ** piety under Ieoh Jian
  4701 | Bailey   | Slain by an orc warrior

Vault maps used:
D:1:      mrwooster_arrival_statue_3
D:2:      old_standard_altar, first_bread, uniq_sigmund, uniq_robin
D:3:      serial_park_tiny_2, minivault_25, serial_park_tiny_1
D:4:      elyvilon_altar_4, uniq_eustachio, uniq_crazy_yiuf_cottage,
          uniq_duvessa, uniq_menkaure
D:5:      lightli_temple_of_fire, gammafunk_temple_overflow_pools,
          lemuel_doored_altar
D:6:      kennysheep_mini, minmay_temple_entry_hall, basic_altar
D:7:      enter_bailey_2, serial_shops, shop_statue, uniq_pikel
Bailey:   bailey_polearm_flooded_kennysheep, bailey

Skill      XL: |  1  2  3  4  5  6  7  8  9 |
---------------+----------------------------+-----
Axes           | 3 4 5 6 7 8 9 |  9.3
Fighting       | 4 5 6 7 |  7.3
Armour         | 4 5 6 7 |  7.2
Evocations     | 1 3 5 |  5.6
Shields        | |  3.6

Action                   |  1- 3 |  4- 6 |  7- 9 || total
-------------------------+-------+-------+-------++-------
Melee: War axe           |    73 |    86 |   240 ||   399
       Headbutt          |    14 |    19 |    43 ||    76
Evoke: Wand              |       |       |    51 ||    51
  Use: Potion            |       |     1 |    11 ||    12
       Scroll            |       |       |    18 ||    18
  Eat: Chunk             |       |     4 |     9 ||    13
Armor: Scale mail        |    53 |    31 |    92 ||   176
       Skin              |       |       |    18 ||    18
Dodge: Dodged            |    32 |    19 |    77 ||   128
Block: Shield            |    53 |    49 |   201 ||   303
       Reflection        |       |     1 |    20 ||    21
